PA
MANCELONA TORCH @ VALLEY BLUE SOX
05/06/2034
 
TOP OF THE 1ST
Mancelona Torch batting - Pitching for Valley Blue Sox : LHP Gao Mar
Pitching: LHP Gao Mar
Batting: RHB Marty Aspen 0-0: Fly out, F9 (Flyball, 89S)
Batting: RHB Magtanggol Florencio 0-0: Ball
1-0: Foul Ball, location: 2F
1-1: Fly out, F8 (Flyball, 8LM)
Batting: LHB Basava Puri 0-0: Foul Ball, location: 2F
0-1: Foul Ball, location: 2F
0-2: Ball
1-2: Strikes out swinging
Top of the 1st over - 0 runs, 0 hits, 0 errors, 0 left on base; Mancelona 0 - Valley 0
BOTTOM OF THE 1ST
Valley Blue Sox batting - Pitching for Mancelona Torch : RHP Enrique Cruz
Pitching: RHP Enrique Cruz
Batting: RHB Dale Epner 0-0: Ball
1-0: Ball
2-0: Swinging Strike
2-1: Fly out, F9 (Flyball, 9)
Batting: RHB Dallas Jiménez 0-0: Swinging Strike
0-1: Ball
1-1: Ground out 6-3 (Groundball, 56)
Batting: RHB Rob Brooks 0-0: SINGLE (Line Drive, 6MD)
Batting: LHB Luis Aranda 0-0: Foul Ball, location: 2F
0-1: Foul Ball, location: 2F
0-2: Strikes out swinging
Bottom of the 1st over - 0 runs, 1 hit, 0 errors, 1 left on base; Mancelona 0 - Valley 0
TOP OF THE 2ND
Mancelona Torch batting - Pitching for Valley Blue Sox : LHP Gao Mar
Batting: LHB Duncan Witteman 0-0: Called Strike
0-1: Foul Ball, location: 2F
0-2: Ball
1-2: Strikes out swinging
Batting: SHB Arend van der Veen 0-0: Ball
1-0: Ball
2-0: Called Strike
2-1: Ball
3-1: Base on Balls
Batting: RHB Bryan Uchacz 0-0: Ball
1-0: Ball
2-0: Ball
3-0: Called Strike
3-1: Called Strike
3-2: Grounds into double play, 6-4-3 (Groundball, 6)
Top of the 2nd over - 0 runs, 0 hits, 0 errors, 0 left on base; Mancelona 0 - Valley 0
BOTTOM OF THE 2ND
Valley Blue Sox batting - Pitching for Mancelona Torch : RHP Enrique Cruz
Batting: SHB Donnie Magee 0-0: Called Strike
0-1: Foul Ball, location: 2F
0-2: Foul Ball, location: 2F
0-2: Ball
1-2: Foul Ball, location: 2F
1-2: Fly out, F5 (Popup, 56)
Batting: RHB Grady Harris 0-0: Ball
1-0: Fly out, F9 (Flyball, 9)
Batting: RHB Cisco Beltrán 0-0: Foul Ball, location: 2F
0-1: Ball
1-1: Foul Ball, location: 2F
1-2: Ball
2-2: Ground out 6-3 (Groundball, 6)
Bottom of the 2nd over - 0 runs, 0 hits, 0 errors, 0 left on base; Mancelona 0 - Valley 0
TOP OF THE 3RD
Mancelona Torch batting - Pitching for Valley Blue Sox : LHP Gao Mar
Batting: LHB Charles Godard 0-0: SINGLE (Groundball, 4MD)
Batting: RHB Hjalmar Bisseling 0-0: Called Strike
0-1: Ball
1-1: Foul Ball, location: 2F
1-2: Ground out 5-3 (Groundball, 56S)
Charles Godard to second
Batting: LHB Ed Holte 0-0: Foul Ball, location: 2F
0-1: Fly out, F8 (Flyball, 8LD)
Batting: RHB Marty Aspen 0-0: Ball
1-0: Called Strike
1-1: Ball
2-1: Foul Ball, location: 2F
2-2: Strikes out swinging
Top of the 3rd over - 0 runs, 1 hit, 0 errors, 1 left on base; Mancelona 0 - Valley 0
BOTTOM OF THE 3RD
Valley Blue Sox batting - Pitching for Mancelona Torch : RHP Enrique Cruz
Batting: LHB Stuart Janssen 0-0: Ball
1-0: Ball
2-0: Foul Ball, location: 2F
2-1: Fly out, F7 (Flyball, 7)
Batting: RHB Jeff Fox 0-0: Ball
1-0: Foul Ball, location: 2F
1-1: Swinging Strike
1-2: Fly out, F7 (Flyball, 7S)
Batting: RHB Dale Epner 0-0: Ball
1-0: Ball
2-0: Ball
3-0: Called Strike
3-1: Foul Ball, location: 2F
3-2: Strikes out looking
Bottom of the 3rd over - 0 runs, 0 hits, 0 errors, 0 left on base; Mancelona 0 - Valley 0
TOP OF THE 4TH
Mancelona Torch batting - Pitching for Valley Blue Sox : LHP Gao Mar
Batting: RHB Magtanggol Florencio 0-0: Ball
1-0: Ball
2-0: Ball
3-0: Called Strike
3-1: Base on Balls
Batting: LHB Basava Puri 0-0: Ball
1-0: Ball
2-0: Ball
3-0: Called Strike
3-1: Fielders Choice at 2nd, 6-4 (Groundball, 56)
Batting: LHB Duncan Witteman 0-0: Called Strike
0-1: Called Strike
Throwing error on steal attempt, E2
Basava Puri to third
0-2: Ground out 5-3 (Groundball, 56)
Basava Puri scores
Batting: SHB Arend van der Veen 0-0: Called Strike
0-1: Ball
1-1: Foul Ball, location: 2F
1-2: Strikes out swinging
Top of the 4th over - 1 run, 0 hits, 1 error, 0 left on base; Mancelona 1 - Valley 0
BOTTOM OF THE 4TH
Valley Blue Sox batting - Pitching for Mancelona Torch : RHP Enrique Cruz
Batting: RHB Dallas Jiménez 0-0: Foul Ball, location: 2F
0-1: Ball
1-1: Foul Ball, location: 2F
1-2: Ball
2-2: Ball
3-2: Foul Ball, location: 2F
3-2: Ground out 5-3 (Groundball, 56)
Batting: RHB Rob Brooks 0-0: Ball
1-0: Called Strike
1-1: Fly out, F9 (Flyball, 9S)
Batting: LHB Luis Aranda 0-0: Foul Ball, location: 2F
0-1: Ball
1-1: Ground out 6-3 (Groundball, 6)
Bottom of the 4th over - 0 runs, 0 hits, 0 errors, 0 left on base; Mancelona 1 - Valley 0
TOP OF THE 5TH
Mancelona Torch batting - Pitching for Valley Blue Sox : LHP Gao Mar
Batting: RHB Bryan Uchacz 0-0: Ground out 6-3 (Groundball, 6)
Batting: LHB Charles Godard 0-0: Ball
1-0: Foul Ball, location: 2F
1-1: Ball
2-1: Swinging Strike
2-2: Strikes out looking
Batting: RHB Hjalmar Bisseling 0-0: Ball
1-0: DOUBLE (Flyball, 78D)
Batting: LHB Ed Holte 0-0: Ball
1-0: Swinging Strike
1-1: Foul Ball, location: 2F
1-2: Fly out, F7 (Flyball, 7LS)
Top of the 5th over - 0 runs, 1 hit, 0 errors, 1 left on base; Mancelona 1 - Valley 0
BOTTOM OF THE 5TH
Valley Blue Sox batting - Pitching for Mancelona Torch : RHP Enrique Cruz
Batting: SHB Donnie Magee 0-0: Called Strike
0-1: Ball
1-1: Ball
2-1: Called Strike
2-2: Strikes out swinging
Batting: RHB Grady Harris 0-0: Ball
1-0: Ball
2-0: Ball
3-0: Called Strike
3-1: Base on Balls
Batting: RHB Cisco Beltrán 0-0: Ball
1-0: Ball
2-0: Ball
3-0: Called Strike
3-1: Fielders Choice at 2nd, 6-4 (Groundball, 6)
Batting: LHB Stuart Janssen 0-0: Ball
Cisco Beltrán is caught stealing 2nd base
Bottom of the 5th over - 0 runs, 0 hits, 0 errors, 0 left on base; Mancelona 1 - Valley 0
TOP OF THE 6TH
Mancelona Torch batting - Pitching for Valley Blue Sox : LHP Gao Mar
Batting: RHB Marty Aspen 0-0: Fly out, F8 (Flyball, 8LXD)
Batting: RHB Magtanggol Florencio 0-0: Ball
1-0: Ball
2-0: Ball
3-0: Called Strike
3-1: Called Strike
3-2: Ground out 5-3 (Groundball, 56)
Batting: LHB Basava Puri 0-0: Called Strike
0-1: Foul Ball, location: 2F
0-2: Ball
1-2: Strikes out looking
Top of the 6th over - 0 runs, 0 hits, 0 errors, 0 left on base; Mancelona 1 - Valley 0
BOTTOM OF THE 6TH
Valley Blue Sox batting - Pitching for Mancelona Torch : RHP Enrique Cruz
Batting: LHB Stuart Janssen 0-0: Ball
1-0: Ball
2-0: Ball
3-0: Base on Balls
Batting: RHB Jeff Fox 0-0: Sac Bunt - play at first, batter OUT! 3-4
Stuart Janssen to second
Batting: RHB Dale Epner 0-0: DOUBLE (Line Drive, 8LD)
Stuart Janssen scores
Batting: RHB Dallas Jiménez 0-0: Ball
1-0: Called Strike
1-1: Swinging Strike
1-2: Ball
2-2: Ball
3-2: Base on Balls
Batting: RHB Rob Brooks 0-0: Called Strike
0-1: Ball
1-1: Ball
2-1: Fly out, F8 (Flyball, 78M)
Batting: LHB Luis Aranda 0-0: Ball
1-0: Fly out, F5 (Popup, 6S)
Bottom of the 6th over - 1 run, 1 hit, 0 errors, 2 left on base; Mancelona 1 - Valley 1
TOP OF THE 7TH
Mancelona Torch batting - Pitching for Valley Blue Sox : LHP Gao Mar
Batting: LHB Duncan Witteman 0-0: Ball
1-0: Ball
2-0: Ground out 6-3 (Groundball, 6MD)
Batting: SHB Arend van der Veen 0-0: Ball
1-0: Called Strike
1-1: Ground out 6-3 (Groundball, 56)
Batting: RHB Bryan Uchacz 0-0: Ball
1-0: Foul Ball, location: 2F
1-1: Ground out 4-3 (Groundball, 4MS)
Top of the 7th over - 0 runs, 0 hits, 0 errors, 0 left on base; Mancelona 1 - Valley 1
BOTTOM OF THE 7TH
Valley Blue Sox batting - Pitching for Mancelona Torch : RHP Enrique Cruz
Batting: SHB Donnie Magee 0-0: Ball
1-0: Foul Ball, location: 2F
1-1: Foul Ball, location: 2F
1-2: Ground out 4-3 (Groundball, 4)
Batting: RHB Grady Harris 0-0: Ball
1-0: Ball
2-0: Called Strike
2-1: Ball
3-1: Called Strike
3-2: Foul Ball, location: 2F
3-2: Base on Balls
Batting: RHB Cisco Beltrán 0-0: Ball
1-0: Ball
2-0: Called Strike
2-1: SINGLE (Line Drive, 56D)
Grady Harris to second
Runner from 2nd tries for 3rd, OUT!
Now in LF: Timofei Ahvlediani
Batting: LHB Stuart Janssen 0-0: Ball
1-0: Fly out, F6 (Line Drive, 6M)
Bottom of the 7th over - 0 runs, 1 hit, 0 errors, 1 left on base; Mancelona 1 - Valley 1
TOP OF THE 8TH
Mancelona Torch batting - Pitching for Valley Blue Sox : LHP Gao Mar
Batting: LHB Charles Godard 0-0: Ground out 4-3 (Groundball, 4D)
Batting: RHB Hjalmar Bisseling 0-0: Ball
1-0: Fly out, F5 (Line Drive, 5S)
Pinch Hitting: RHB Wen Chua 0-0: Fly out, F8 (Flyball, 89M)
Top of the 8th over - 0 runs, 0 hits, 0 errors, 0 left on base; Mancelona 1 - Valley 1
BOTTOM OF THE 8TH
Valley Blue Sox batting - Pitching for Mancelona Torch : RHP Enrique Cruz
Now in LF: Wen Chua
Batting: RHB Jeff Fox 0-0: Called Strike
0-1: Ground out 4-3 (Groundball, 34)
Batting: RHB Dale Epner 0-0: Ball
1-0: Ball
2-0: Ball
3-0: Called Strike
3-1: Base on Balls
Batting: RHB Dallas Jiménez 0-0: Ball
1-0: Ground out 5-3 (Groundball, 56S)
Dale Epner to second
Batting: RHB Rob Brooks 0-0: Ball
1-0: SINGLE (Line Drive, 9S)
Dale Epner to third
Batting: LHB Luis Aranda 0-0: Ball
1-0: Ground out 4-3 (Groundball, 4S)
Bottom of the 8th over - 0 runs, 1 hit, 0 errors, 2 left on base; Mancelona 1 - Valley 1
TOP OF THE 9TH
Mancelona Torch batting - Pitching for Valley Blue Sox : LHP Gao Mar
Pitching: RHP Tom Holloway
Batting: RHB Marty Aspen 0-0: Ball
1-0: Called Strike
1-1: Swinging Strike
1-2: Ground out 6-3 (Groundball, 6)
Batting: RHB Magtanggol Florencio 0-0: Called Strike
0-1: Ball
1-1: SINGLE (Line Drive, 3)
Batting: LHB Timofei Ahvlediani 0-0: Called Strike
0-1: Ball
1-1: Swinging Strike
1-2: Strikes out swinging
Batting: LHB Duncan Witteman 0-0: Ball
1-0: Ball
2-0: Called Strike
2-1: Foul Ball, location: 2F
2-2: Ball
Magtanggol Florencio is caught stealing 2nd base
Top of the 9th over - 0 runs, 1 hit, 0 errors, 0 left on base; Mancelona 1 - Valley 1
BOTTOM OF THE 9TH
Valley Blue Sox batting - Pitching for Mancelona Torch : RHP Enrique Cruz
Pitching: RHP Marty McFly
Batting: SHB Donnie Magee 0-0: Ball
1-0: Foul Ball, location: 2F
1-1: Ball
2-1: Foul Ball, location: 2F
2-2: Ball
3-2: SINGLE (Groundball, 4D)
Pinch Runner at 1st Ronaldo Gentil:
Batting: RHB Grady Harris 0-0: Bunted foul
0-1: Sac Bunt - play at first, batter OUT! 1-4
Ronaldo Gentil to second
Batting: RHB Cisco Beltrán 0-0: SINGLE (Groundball, 6MD)
Ronaldo Gentil to third
Runner from 3rd tries for Home, SAFE, throw made home
Friday, March 29th, 2019 - OOTP Baseball 18.8 Build 76